 Seeded DCSS version 0.30.0 (webtiles) character file.

Game seed: 7229806256980976716 (custom seed)

20085 bananamous the Severer (level 12, -15/111 HPs)
             Began as a Black Draconian Berserker on July 10, 2023.
             Was an Elder of Trog.
             Killed from afar by a hellion (32 damage)
             ... with damnation
             ... on level 2 of the Abyss.
             The game lasted 00:36:06 (10938 turns).

bananamous the Severer (Black Draconian Berserker) Turns: 10938, Time: 00:36:06

Health: -15/111    AC: 12    Str: 27    XL:     12   Next: 42%
Magic:  21/21      EV: 15    Int:  8    God:    Trog [****..]
Gold:   1201       SH:  0    Dex: 11    Spells: 11/11 levels left

rFire   . . .        l - +7 battleaxe of the Nice God {speed, MP+9 Str+3}
rCold   . . .        (shield currently unavailable)
rNeg    + . .        (body armour unavailable)
rPois   .            (helmet restricted)
rElec   +            Q - +0 cloak
rCorr   +            q - +2 pair of gloves
SInv    .            (no boots)
Will    ++...        (no amulet)
Stlth   +            J - ring of positive energy
HPRegen 1.38/turn    g - ring of resist corrosion
MPRegen 0.17/turn

%: no passive effects
@: strong-willed (expiring), regenerating (expiring)
A: breathe lightning, AC +8, unfitting armour, electricity resistance,
cold-blooded
a: Breathe Lightning, Renounce Religion, Berserk, Trog's Hand, Brothers in Arms


You were on level 2 of the Abyss.
You worshipped Trog.
Trog was greatly pleased with you.
You visited 1 branch of the dungeon, and saw 11 of its levels.
You visited the Abyss 1 time.
You also visited: Ossuary and Bailey.

You collected 1201 gold pieces.

Inventory:

Hand Weapons
 a - a +0 hand axe
 l - the +7 battleaxe of the Nice God (weapon) {speed, MP+9 Str+3}
   (You acquired it on level 1 of the Dungeon)

   Str:       It affects your strength (+3).
   MP:        It affects your magic capacity (+9).
 K - a +5 executioner's axe
Missiles
 b - a throwing net (quivered)
Armour
 q - a +2 pair of gloves (worn)
 Q - a +0 cloak (worn)
Jewellery
 g - a ring of resist corrosion (right hand)
 J - a ring of positive energy (left hand)
Wands
 N - a wand of charming (26)
 P - a wand of digging (3)
Scrolls
 c - 3 scrolls of amnesia
 f - 11 scrolls of identify
 j - 3 scrolls of teleportation {unknown}
 p - 3 scrolls of poison {unknown}
 s - 7 scrolls of vulnerability {unknown}
 t - 2 scrolls of fog {unknown}
 v - 3 scrolls of silence {unknown}
 x - a scroll of butterflies {unknown}
 y - a scroll of fear {unknown}
 A - 4 scrolls of magic mapping {unknown}
 D - 3 scrolls of brand weapon {unknown}
 G - 2 scrolls of torment {unknown}
 H - 3 scrolls of enchant weapon {unknown}
 I - 6 scrolls of immolation {unknown}
 O - a scroll of noise {unknown}
Potions
 e - 5 potions of mutation {unknown}
 h - 5 potions of might {unknown}
 i - 2 potions of cancellation {unknown}
 k - 7 potions of curing
 m - a potion of resistance {unknown}
 n - 2 potions of invisibility {unknown}
 o - 3 potions of brilliance {unknown}
 r - 6 potions of heal wounds {unknown}
 u - a potion of ambrosia {unknown}
 w - a potion of berserk rage {unknown}
 z - 4 potions of attraction {unknown}
 B - a potion of degeneration {unknown}
 C - 4 potions of flight {unknown}
 E - 4 potions of lignification {unknown}
 F - 2 potions of haste {unknown}
 L - a potion of experience
 M - a potion of magic {unknown}


   Skills:
 + Level 11.6 Fighting
 - Level 20.0 Axes
 + Level 9.3 Dodging


You had 11 spell levels left.
You didn't know any spells.
Your spell library was empty.

Dungeon Overview and Level Annotations

Branches:
Dungeon (11/15)            Temple (0/1) D:4            Lair (0/5) D:11
Ossuary (visited)          Bailey (visited)
    Orc: D:9-12

Altars:
Elyvilon
Gozag
Qazlal
Trog
Zin
The Shining One

Shops:
D:6 :   D:10 :

Annotations:
D:11 Erolcha


Innate Abilities, Weirdness & Mutations

You can breathe wild blasts of lightning.
Your glossy black scales are hard. (AC +8)
You cannot fit into any form of body armour.
You are resistant to electric shocks. (rElec)
You are cold-blooded and may be slowed by cold attacks.


Message History

The starspawn tentacle grabs you. The starspawn tentacle constricts you.
Blink to where?
Press: ? - help, Dir - move target You escape the starspawn tentacle's grasp.
Found a corrupted altar of Lugonu.
As you read the scroll of blinking, it crumbles to dust.
An ancient zyme comes into view.
Found a gateway leading deeper into the Abyss.
You feel yourself growing ill in the presence of the ancient zyme.
There is a corrupted altar of Lugonu here.
You feel ill.
The purple draconian roars!
Your two-headed ogre goes berserk!
Trog will no longer gift you weapons.
Your two-headed ogre looks sick.
Your skin crawls.
You feel strong-willed.
The purple draconian breathes dispelling energy at you.
The bolt of dispelling energy hits you!!!
Your magical effects are unravelling.
You feel your health improve.
Your two-headed ogre hits the large abomination with a +0 giant club!!!
The large abomination is destroyed!
Trog accepts your kill.
A small abomination comes into view.
You feel yourself growing ill in the presence of the ancient zyme.
You hear a hideous shriek!
You feel the effects of Trog's Hand fading.
The purple draconian breathes dispelling energy at you.
The bolt of dispelling energy hits you!!
* * * LOW HITPOINT WARNING * * *
Blink to where?
Press: ? - help, Dir - move target A hellion comes into view.
As you read the scroll of blinking, it crumbles to dust.
The hellion gives a hideous shriek!
A lurking horror comes into view.
The hellion gestures at you.
The sphere of damnation explodes!
The damnation engulfs you!!
You die...

....*##......##
...............
..............2
...............
...............
...............
...............
#@.....##......
#......##.....
.............#
..............# .
...............# ...
................#....
..............O.......
.............ยง....#
......##....#


You could see a hellion and a lurking horror.

Vanquished Creatures
  An orc warlord (Bailey)
  A boulder beetle (D:11)
  2 two-headed ogres
  Lodul (D:11)
  An orc knight (Bailey)
  Maurice (D:11)
  2 gargoyles (D:10)
  A komodo dragon (D:10)
  2 trolls
  3 shadows
  2 vampires
  8 spriggans (D:10)
  A wraith (D:10)
  23 yaks
  4 wyverns
  4 vampire mosquitoes (D:11)
  2 acid dragons (D:10)
  2 water moccasins (D:8)
  20 orc warriors
  3 black bears
  2 ice beasts
  A sky beast (D:6)
  2 hornet zombies (Ossuary)
  The ghost of Endbringerleviathan the Firebug, an amateur NaFE (D:3)
  8 ogres
  3 centaurs
  2 kobold brigands
  6 bullfrogs
  3 wyvern zombies
  A gnoll sergeant (D:7)
  6 scorpions
  2 water moccasin zombies (Ossuary)
  7 wights
  12 killer bees
  A howler monkey (D:6)
  5 electric eels (D:6)
  3 bullfrog zombies (Ossuary)
  2 centaur zombies (Ossuary)
  A gnoll bouda (D:6)
  2 jellies
  2 bullfrog skeletons (D:3)
  9 orc priests
  3 hounds
  An iguana (D:6)
  2 sleepcaps
  7 orc wizards
  3 killer bee zombies (Ossuary)
  16 mummies
  2 howler monkey zombies (Ossuary)
  A howler monkey skeleton (D:3)
  9 adders
  14 gnolls
  2 shadow imps
  2 white imps (D:8)
  2 ufetubi
  3 worms
  40 orcs
  6 ball pythons
  5 bats
  4 endoplasms
  6 giant cockroaches
  16 goblins
  15 hobgoblins
  20 jackals
  10 kobolds
  4 quokkas
  A frilled lizard (D:1)
  A goblin zombie (D:4)
  An orc zombie (D:4)
  4 rats
365 creatures vanquished.

Vanquished Creatures (collateral kills)
  A large abomination (Abyss:2)
1 creature vanquished.

Vanquished Creatures (others)
  A quasit (Abyss:2)
  9 fungi (D:11)
  18 plants
  2 starspawn tentacles (Abyss:2)
  8 withered plants (Ossuary)
38 creatures vanquished.

Grand Total: 404 creatures vanquished

Notes
Turn   | Place    | Note
-------+----------+-------------------------------------------
     0 | D:1      | bananamous the Draconian Berserker began the quest for the
                  | Orb.
     0 | D:1      | Reached XP level 1. HP: 19/19 MP: 1/1
   326 | D:1      | Reached XP level 2. HP: 26/26 MP: 2/2
   487 | D:1      | Reached ** piety under Trog
   670 | D:1      | Identified 3 scrolls of acquirement
   670 | D:1      | Acquired a manual of Axes
   672 | D:1      | Acquired the +7 battleaxe of the Nice God {speed, MP+9
                  | Str+3}
   675 | D:1      | Acquired a manual of Axes
   805 | D:2      | Reached XP level 3. HP: 26/33 MP: 3/3
   980 | D:2      | Reached skill level 4 in Axes
  1068 | D:2      | Reached XP level 4. HP: 41/41 MP: 4/4
  1157 | D:2      | Reached skill level 5 in Axes
  1527 | D:3      | Reached skill level 5 in Fighting
  1535 | D:3      | Found a runed translucent gate.
  1535 | D:3      | Found a runed translucent gate.
  1535 | D:3      | Found a runed translucent gate.
  1543 | D:3      | Noticed Endbringerleviathan's ghost (amateur NaFE)
  1570 | D:3      | Reached XP level 5. HP: 48/48 MP: 5/5
  1600 | D:3      | Found a glowing silver altar of Zin.
  1991 | D:3      | Killed Endbringerleviathan's ghost
  1992 | D:3      | Reached skill level 7 in Axes
  1993 | D:3      | Reached XP level 6. HP: 56/56 MP: 6/6
  1997 | D:3      | Reached skill level 8 in Axes
  2103 | D:4      | Reached *** piety under Trog
  2158 | D:4      | Found a white marble altar of Elyvilon.
  2176 | D:4      | Reached skill level 9 in Axes
  2257 | D:4      | Found a stormy altar of Qazlal.
  2287 | D:4      | Found a staircase to the Ecumenical Temple.
  2344 | D:4      | Found a sand-covered staircase.
  2351 | Ossuary  | Entered an ossuary
  2372 | Ossuary  | Your scales start taking on a glossy black colour.
  2372 | Ossuary  | Reached XP level 7. HP: 61/61 MP: 7/7
  2372 | Ossuary  | Gained mutation: You are resistant to electric shocks.
                  | (rElec) [Black Draconian growth]
  2387 | Ossuary  | Reached skill level 10 in Axes
  2464 | Ossuary  | Reached skill level 11 in Axes
  2526 | Ossuary  | Reached skill level 12 in Axes
  2526 | Ossuary  | Reached XP level 8. HP: 53/68 MP: 8/8
  2665 | Ossuary  | Reached skill level 13 in Axes
  2697 | Ossuary  | Reached **** piety under Trog
  3036 | D:4      | Found a glowing golden altar of the Shining One.
  3196 | D:5      | Entered Level 5 of the Dungeon
  3241 | D:5      | Reached skill level 14 in Axes
  3650 | D:6      | Reached skill level 15 in Axes
  3764 | D:6      | Reached XP level 9. HP: 74/74 MP: 9/9
  3954 | D:6      | Reached skill level 16 in Axes
  4123 | D:6      | Found Xixtot's Book Boutique.
  4545 | D:6      | Reached skill level 17 in Axes
  4888 | D:7      | Identified the +8 trident "Idaugra" {freeze, Stlth+}
  5104 | D:7      | Found a flagged portal.
  5113 | Bailey   | Entered a bailey
  5142 | Bailey   | Reached skill level 18 in Axes
  5360 | Bailey   | Reached ***** piety under Trog
  5417 | Bailey   | Reached XP level 10. HP: 76/81 MP: 10/10
  5421 | Bailey   | Reached skill level 19 in Axes
  5537 | Bailey   | Noticed an orc warlord
  5538 | Bailey   | Noticed an orc knight
  5557 | Bailey   | Killed an orc knight
  5568 | Bailey   | Killed an orc warlord
  5757 | Bailey   | Identified the +0 chain mail of Saogadd {rC+ rN+++ Str+2
                  | Int-2}
  6043 | D:7      | Reached skill level 20 in Axes
  7808 | D:9      | Reached XP level 11. HP: 76/91 MP: 11/11
  7862 | D:9      | Noticed a two-headed ogre
  7949 | D:9      | Killed a two-headed ogre
  7950 | D:9      | Reached skill level 5 in Dodging
  8320 | D:9      | Received a gift from Trog
  8371 | D:9      | Identified the +7 battleaxe of Sustre {heavy, Str+5}
  8431 | D:9      | Found a bloodstained altar of Trog.
  8517 | D:10     | Entered Level 10 of the Dungeon
  8979 | D:10     | Noticed a two-headed ogre
  8996 | D:10     | Killed a two-headed ogre
  8997 | D:10     | Found an opulent altar of Gozag.
  9438 | D:10     | Found Ycypaut's Book Shoppe.
  9451 | D:10     | Reached skill level 10 in Fighting
  9917 | D:11     | Reached XP level 12. HP: 107/107 MP: 12/12
  9952 | D:11     | Noticed Lodul
  9960 | D:11     | Noticed a boulder beetle
  9992 | D:11     | Killed Lodul
 10010 | D:11     | Killed a boulder beetle
 10248 | D:11     | Noticed Maurice
 10258 | D:11     | Killed Maurice
 10482 | D:11     | Found a staircase to the Lair.
 10824 | D:11     | Noticed Erolcha
 10825 | Abyss:2  | Cast into level 2 of the Abyss (Erolcha)
 10850 | Abyss:2  | Found a corrupted altar of Lugonu.
 10873 | Abyss:2  | Noticed a starcursed mass
 10889 | Abyss:2  | Noticed a green death
 10896 | Abyss:2  | Found a corrupted altar of Lugonu.
 10900 | Abyss:2  | Found a corrupted altar of Lugonu.
 10900 | Abyss:2  | Noticed a starcursed mass
 10900 | Abyss:2  | Found a corrupted altar of Lugonu.
 10924 | Abyss:2  | Noticed a tentacled starspawn
 10925 | Abyss:2  | an elephant changed into a two-headed ogre
 10925 | Abyss:2  | Noticed a two-headed ogre (shapeshifter)
 10926 | Abyss:2  | Found a corrupted altar of Lugonu.
 10933 | Abyss:2  | Found a corrupted altar of Lugonu.
 10933 | Abyss:2  | Noticed a purple draconian
 10933 | Abyss:2  | Found a corrupted altar of Lugonu.
 10938 | Abyss:2  | Killed from afar by a hellion

Illustrated notes

Levels and vault maps discovered:
D:1:      spicycebolla_arrival_ecumenical, layout_loops_ring
D:2:      layout_basic
D:3:      layout_rooms, mainiacjoe_overflow_paths, gammafunk_ghost_necromancy
D:4:      layout_rooms, tso_metal_star, mainiacjoe_overflow_catwalk,
          elyvilon_altar_5, minmay_temple_entry_stoned_glass,
          nicolae_ossuary_entry_giza, minmay_misc_feat_square, minivault_4
D:5:      layout_basic
D:6:      kennysheep_six_static_rooms, layout_basic, serial_shops,
          nicolae_shop_stone, serial_bayou_lagoon_b
D:7:      layout_basic, enter_bailey_2
D:8:      minmay_recursive_quarters, layout_layer_cave
D:9:      layout_gridville, trog_book
D:10:     kb_forest_paths, layout_basic,
          nicolae_gozag_cash_rules_everything_around_me, serial_shops, shop,
          minmay_tree_intersection, kennysheep_path_1
D:11:     layout_loops_ring, grunt_lair_entry_orc_guard_hut, uniq_lodul,
          uniq_erolcha, uniq_maurice
Abyss:2:  base: D:9, evilmike_abyss_exit_8, spicy_abyss_unhelpful_harpoons

Skill      XL: |  1  2  3  4  5  6  7  8  9 10 11 12 |
---------------+-------------------------------------+-----
Fighting       | 4 5 6 10 11 | 11.6
Axes           | 4 5 7 9 12 15 18 20 | 20.0
Dodging        | 4 8 9 |  9.3

Action                     |  1- 3 |  4- 6 |  7- 9 | 10-12 || total
---------------------------+-------+-------+-------+-------++-------
  Melee: Hand axe          |    53 |       |       |       ||    53
         Tailslap          |     9 |    11 |    30 |    58 ||   108
         Battleaxe         |    21 |    95 |   260 |   412 ||   788
  Throw: Throwing net      |       |       |       |     1 ||     1
 Invoke: Trog's Hand       |       |     1 |     2 |     5 ||     8
         Berserk           |       |     1 |       |     5 ||     6
         Brothers in Arms  |       |       |       |     2 ||     2
Ability: Breathe Lightning |       |       |       |     2 ||     2
    Use: Scroll            |     3 |     4 |     1 |     3 ||    11
         Potion            |       |       |       |     3 ||     3
 Armour: Skin              |    26 |    21 |    46 |    48 ||   141
  Dodge: Dodged            |    61 |    49 |    93 |   157 ||   360
